 Dungeon Crawl Stone Soup version 0.13-a0-3016-gcb2faac (webtiles) character file.

170 PolkaDot the Ruinous (level 4, -1/28 HPs)
             Began as a Vampire Wizard on Sept 10, 2013.
             Slain by a gnoll
             ... wielding a +0,+0 spear
              (7 damage)
             ... on Level 2 of the Dungeon.
             The game lasted 00:09:39 (1354 turns).

PolkaDot the Ruinous (Vampire Wizard)               Turns: 1354, Time: 00:09:39

HP  -1/28        AC  2     Str  6      XL: 4   Next: 96%
MP   7/12        EV 12     Int 21      God:
Gold 35          SH  0     Dex 12      Spells:  3 memorised,  2 levels left

Res.Fire  : + . .   See Invis. : +   j - +0 scythe
Res.Cold  : x . .   Warding    : .   a - +0 robe
Life Prot.: . . .   Conserve   : .   (no shield)
Res.Poison: .       Res.Corr.  : .   b - +0 wizard hat
Res.Elec. : .       Clarity    : .   (no cloak)
Sust.Abil.: . .     Spirit.Shd : .   (no gloves)
Res.Mut.  : .       Stasis     : .   (no boots)
Res.Rott. : .       Flight     : .   (no amulet)
Saprovore : . . .                    (no ring)
                                     g - ring of fire

@: regenerating quickly, very slightly contaminated, slightly resistant to
hostile enchantments, stealthy
A: fangs 3, see invisible, unbreathing
a: no special abilities


You were on level 2 of the Dungeon.
You were very full.

You visited 1 branch of the dungeon, and saw 2 of its levels.

You collected 15 gold pieces.

Inventory:

Hand weapons
 e - a +1,+3 dwarven dagger
 j - a +0,+0 scythe (weapon)
Missiles
 h - a silver dart (quivered)
Armour
 a - a +0 robe (worn)
 b - a +0 wizard hat (worn)
Scrolls
 d - a scroll of remove curse {unknown}
 f - 2 scrolls of identify {unknown}
 i - a scroll of recharging {unknown}
 k - a scroll of enchant weapon II {unknown}
 m - a scroll of enchant weapon I {unknown}
Jewellery
 g - a ring of fire (left hand)
Books
 c - a book of Minor Magic

   Spells                             Type                      Level
   *Magic Dart                        Conjuration                  1
   Blink                              Translocation                2
   Call Imp                           Summoning                    2
   Repel Missiles                     Charms/Air                   2
   Slow                               Hexes                        2
   *Conjure Flame                     Conjuration/Fire             3
   *Mephitic Cloud                    Conjuration/Poison/Air       3


   Skills:
 - Level 2.1 Dodging
 - Level 3.0 Stealth
 - Level 3.0 Spellcasting
 * Level 3.6 Conjurations
   Level 1.0 Summonings
   Level 0.7 Translocations


You had 2 spell levels left.
You knew the following spells:

 Your Spells              Type           Power        Failure   Level  Hunger
a - Magic Dart            Conj           ###.         3%          1    None
d - Mephitic Cloud        Conj/Pois/Air  #.......     30%         3    ###....
s - Conjure Flame         Conj/Fire      ###.....     21%         3    ###....


Dungeon Overview and Level Annotations

Branches:
Dungeon (2/27)

Altars:
Cheibriados


Innate Abilities, Weirdness & Mutations

Your natural rate of healing is unusually fast.
You have razor-sharp teeth.*
You have supernaturally acute eyesight.
You can survive without breathing.*


Message History

You closely miss the hobgoblin. You bite the hobgoblin.
The hobgoblin is almost dead.
The hobgoblin completely misses you. The gnoll closely misses you.
The gnoll hits you from afar with a spear!
The hobgoblin closely misses you.
You closely miss the hobgoblin. Your bite misses the hobgoblin.
The hobgoblin is almost dead.
The hobgoblin closely misses you.
The gnoll hits you from afar with a spear!
The gnoll hits you from afar with a spear.
* * * LOW HITPOINT WARNING * * *
The hobgoblin closely misses you.
Casting: Conjure Flame
Confirm with . or Enter, or press ? or * to list all spells.
Aiming: Mephitic Cloud
Press: ? - help, Shift-Dir - straight line, f - hobgoblin
Aim: a hobgoblin, wielding an orcish club (almost dead)
You miscast Mephitic Cloud.
Strange energies run through your body.
The gnoll hits you from afar with a spear!
You die...

#.## #.# #.#
#######
##'#####.....#
#......#.._..#
+......#g....#
#......#.....#
#......###g#
######..@g.#
#######


You could see a gnoll and a hobgoblin.

Vanquished Creatures
  Sigmund (D:2)
  An adder (D:2)
  A gnoll (D:2)
  2 giant geckos (D:1)
  5 bats
  A giant cockroach (D:2)
  8 hobgoblins
  4 jackals (D:1)
  4 giant newts
  2 goblins
  4 kobolds
  6 rats
39 creatures vanquished.

Notes
Turn   | Place    | Note
--------------------------------------------------------------
     0 | D:1      | PolkaDot, the Vampire Wizard, began the quest for the Orb.
     0 | D:1      | Reached XP level 1. HP: 11/11 MP: 6/6
    86 | D:1      | Reached skill level 1 in Conjurations
   247 | D:1      | Reached XP level 2. HP: 17/17 MP: 5/8
   596 | D:1      | Reached XP level 3. HP: 22/22 MP: 1/10
   856 | D:2      | Noticed Sigmund
   885 | D:2      | Learned a level 3 spell: Conjure Flame
   889 | D:2      | Learned a level 3 spell: Mephitic Cloud
   941 | D:2      | Killed Sigmund
   941 | D:2      | Reached XP level 4. HP: 14/28 MP: 0/12
  1344 | D:2      | Found a snail-covered altar of Cheibriados.
  1354 | D:2      | Slain by a gnoll

Action                   |  1- 3 |  4- 6 || total
-------------------------+-------+-------++-------
Melee: Club              |    40 |    12 ||    52
       Unarmed           |     5 |       ||     5
       Scythe            |       |    20 ||    20
Throw: Dart              |     1 |       ||     1
 Cast: Magic Dart        |    76 |     5 ||    81
       Conjure Flame     |     1 |       ||     1
       Mephitic Cloud    |       |     1 ||     1
  Use: Potion            |     5 |       ||     5
 Stab: Sleeping          |     1 |     1 ||     2
